[Event "Early-Titled-Tuesday-Blitz-April-02-2024"]
[Site "Chess.com"]
[Date "2024.04.02"]
[Round "11"]
[White "DvaHrasta"]
[Black "Kildepiotr"]
[Result "1/2-1/2"]
[WhiteElo "2537"]
[BlackElo "2719"]
[TimeControl "180+1"]
[EndTime "10:07:33 PDT"]
[Termination "Game drawn - insufficient material"]

1. c4 g6 2. g3 Bg7 3. Bg2 Nc6 4. Nc3 d6 5. Nf3 e5 6. O-O f5 7. d3 Nf6 8. Rb1 a5 9. a3 O-O 10. b4 axb4 11. axb4 h6 12. b5 Ne7 13. Ne1 g5 14. Nc2 Qe8 15. Nb4 f4 16. Ncd5 Nexd5 17. Nxd5 Nxd5 18.
cxd5 Qh5 19. f3 g4 20. b6 gxf3 21. Bxf3 Qh3 22. Bg2 Qg4 23. e3 fxg3 24. Qxg4 gxh2+ 25. Kxh2 Bxg4 26. Rxf8+ Bxf8 27. bxc7 Bc8 28. Bh3 Kf7 29.
e4 Ke8 30. Bxc8 Rxc8 31. Rxb7 Kd7 32. Kh3 Rxc7 33. Rxc7+ Kxc7 34. Kg4 Kb6 35. Be3+ Kb5 36. d4 exd4 37. Bxd4 Kc4 38. Bf6 Kd3 39. Kf5 h5 40. Bg5 Kd4 41. Bh4 Ke3 42. Bf6 Kf3 43. e5 dxe5 44. Kxe5 Kg4 45. Ke6 h4 46. Be7 Bxe7 47. Kxe7 h3 48. d6 h2 49. d7 h1=Q 50. d8=Q Qh4+ 51.
Kd7 Qh7+ 52. Qe7 Qd3+ 53. Qd6 Qxd6+ 54. Kxd6 1/2-1/2

[Event "Early-Titled-Tuesday-Blitz-April-02-2024"]
[Site "Chess.com"]
[Date "2024.04.02"]
[Round "11"]
[White "jk13"]
[Black "Savagelittlemole"]
[Result "1-0"]
[WhiteElo "2694"]
[BlackElo "2528"]
[TimeControl "180+1"]
[EndTime "10:07:33 PDT"]
[Termination "jk13 won on time"]

1. e4 c5 2. c3 g6 3. Nf3 Bg7 4. Bc4 e6 5. d4 cxd4 6. Nxd4 d5 7. exd5 exd5 8. Bb3 Nc6 9. Be3 Nge7 10. O-O O-O 11. Na3 Na5 12. Bg5 Nxb3 13. axb3 h6 14. Bxe7 Qxe7 15.
Re1 Qh4 16. Nab5 a6 17. Nc7 Rb8 18. Nxd5 Kh7 19. Qf3 Be6 20. Nf4 Bg4 21. Qe3 Rbe8 22. Qd3 Qg5 23. Qg3 Be5 24. h3 Bxf4 25. Qxg4 Qxg4 26.
hxg4 Bd2 27. Rxe8 Rxe8 28. g3 Bg5 29. Kf1 Bf6 30. Rd1 Rd8 31. Ke2 Re8+ 32. Kd3 b5 33. b4 Rd8 34. Re1 Rd5 35. Re8 Rd6 36. f4 Kg7 37. Rc8 h5 38. g5 Bxd4 39. cxd4 Re6 40. d5 Re1 41. Kd4 1-0

[Event "Early-Titled-Tuesday-Blitz-April-02-2024"]
[Site "Chess.com"]
[Date "2024.04.02"]
[Round "11"]
[White "ReadySkate"]
[Black "Itay121"]
[Result "1/2-1/2"]
[WhiteElo "2606"]
[BlackElo "2528"]
[TimeControl "180+1"]
[EndTime "10:07:35 PDT"]
[Termination "Game drawn - insufficient material"]

1. d4 Nf6 2. c4 e6 3. Nc3 b6 4.
e4 Bb7 5. Bd3 c5 6. d5 exd5 7.
cxd5 d6 8. Nf3 g6 9. h3 Bg7 10. O-O O-O 11. Re1 Nbd7 12. Bf4 Ne8 13. Nb5 Ne5 14.
Nxe5 dxe5 15. Be3 a6 16. Na3 Nd6 17. Rc1 f5 18. exf5 gxf5 19. Nc4 e4 20. Nxd6 Qxd6 21.
Bc4 b5 22. Bxb5 axb5 23. Bxc5 Qxd5 24. Bxf8 Bxf8 25. Qh5 Rc8 26. Rxc8 Bxc8 27. Rc1 Be6 28. Qg5+ Bg7 29. g3 Qd7 30. b3 h6 31. Qf4 Kh7 32. Rc7 Qd1+ 33. Kh2 Qf3 34. Qxf3 exf3 35. a4 b4 36. Rb7 Bxb3 37. Rxb4 Bd5 38. a5 Bc3 39. Rb5 Be4 40. a6 Bd4 41. Kg1 Kg6 42. Rb8 Kf6 43.
Rh8 Kg7 44. Rd8 Bb6 45. Rd7+ Kf8 46. Rd6 Bc5 47. Rxh6 Ke8 48. h4 Kd8 49. Rf6 Kc7 50.
h5 Kb8 51. h6 Bd4 52. Rf8+ Ka7 53. h7 Kxa6 54. h8=Q Bxh8 55. Rxh8 Kb5 56. Kh2 Kc4 57.
Rd8 Bd5 58. Kh3 Kd4 59. Kh4 Ke4 60. Kg5 Be6 61. Re8 Ke5 62. Kg6 Kd5 63. Kf6 Bd7 64. Re5+ Kd4 65. Rxf5 Bxf5 66. Kxf5 Kd3 67. g4 Ke2 68. g5 Kxf2 69. g6 Ke3 70. g7 f2 71.
g8=Q f1=Q+ 72. Ke5 Qa1+ 73. Kd6 Qa6+ 74. Ke7 Qb7+ 75. Kf6 Qb2+ 76. Kg6 Qg2+ 77. Kf7 Qxg8+ 78. Kxg8 1/2-1/2

[Event "Early-Titled-Tuesday-Blitz-April-02-2024"]
[Site "Chess.com"]
[Date "2024.04.02"]
[Round "11"]
[White "KubaGepard"]
[Black "Witik"]
[Result "1/2-1/2"]
[WhiteElo "2607"]
[BlackElo "2790"]
[TimeControl "180+1"]
[EndTime "10:07:36 PDT"]
[Termination "Game drawn by repetition"]

1. d4 Nf6 2. Nf3 g6 3. g3 Bg7 4. Bg2 d5 5. O-O O-O 6. c4 c6 7.
Ne5 Be6 8. cxd5 cxd5 9. Nc3 Nc6 10. Qa4 Qb6 11. Nxc6 bxc6 12. e3 c5 13. dxc5 Qxc5 14. Rd1 Rab8 15. a3 Rfc8 16. Ne2 Bg4 17. f3 Bd7 18.
Qd4 Qc2 19. Qd2 Ba4 20. Qxc2 Rxc2 21. Re1 Nd7 22. Nd4 Rcc8 23. f4 e5 24. fxe5 Nxe5 25. Bxd5 Nd3 26. Rf1 Rc7 27. b3 Be8 28. Bd2 Rd8 29.
Bc4 Rxd4 30. exd4 Bxd4+ 31. Kg2 Bc6+ 32. Kh3 Bxa1 33. Rxa1 Nf2+ 34. Kh4 Kg7 35. Bc3+ f6 36.
Bxf6+ Kxf6 37. Rf1 g5+ 38. Kh5 Bf3+ 39. g4 Bxg4+ 40. Kh6 Bf3 41. Rxf2 g4 42. h3 Kf5 43.
hxg4+ Kxg4 44. Be2 Bxe2 45. Rxe2 Rc3 46. Re4+ Kf5 47.
Rb4 Rh3+ 48. Kg7 h5 49. Rb5+ Kf4 50. Rb4+ Kf5 51. Rb5+ Kf4 52. Rb4+ Kf5 1/2-1/2

[Event "Early-Titled-Tuesday-Blitz-April-02-2024"]
[Site "Chess.com"]
[Date "2024.04.02"]
[Round "11"]
[White "MrChessSponge"]
[Black "MarkusRagger"]
[Result "0-1"]
[WhiteElo "2554"]
[BlackElo "2703"]
[TimeControl "180+1"]
[EndTime "10:07:38 PDT"]
[Termination "MarkusRagger won on time"]

1. d4 Nf6 2. c4 g6 3. Nc3 d5 4. cxd5 Nxd5 5. e4 Nxc3 6. bxc3 Bg7 7. Bc4 c5 8. Ne2 O-O 9. Be3 Nc6 10. O-O Bg4 11. f3 Bd7 12. Qd2 Qa5 13. Rfd1 cxd4 14. cxd4 Rac8 15. Bd5 e6 16. Bxc6 Qxd2 17. Rxd2 Rxc6 18.
Rad1 Ra6 19. Rc1 Rd8 20. Bg5 f6 21. Be3 Ra3 22. Kf2 Bc6 23. Rc3 Bf8 24. Rxa3 Bxa3 25. Rc2 Kf7 26. Bc1 Bd6 27. g3 Bc7 28. Ba3 Rd7 29. Bc5 a6 30. Ke3 g5 31. Bb4 h5 32.
Rd2 h4 33. Bc3 Bb6 34. gxh4 gxh4 35. Kf4 Bc7+ 36. e5 Kg6 37. Kg4 fxe5 38. dxe5 Rxd2 39. Bxd2 Bxe5 40. Nf4+ Kf7 41. Nd3 Bxh2 42. f4 Bg3 43.
Ne5+ Kf6 44. Bc3 Ke7 45. Bb4+ Kd8 46. Bf8 Bd5 47. Bg7 Bxa2 48. Bf6+ Kc7 49. Nd3 Bb1 50. Be5+ Kc6 0-1

[Event "Early-Titled-Tuesday-Blitz-April-02-2024"]
[Site "Chess.com"]
[Date "2024.04.02"]
[Round "11"]
[White "aljado"]
[Black "rhwr"]
[Result "0-1"]
[WhiteElo "2139"]
[BlackElo "2259"]
[TimeControl "180+1"]
[EndTime "10:07:38 PDT"]
[Termination "rhwr won on time"]

1. e4 c5 2. Nf3 d6 3. c3 Nf6 4. Bc4 e6 5. Qe2 a6 6. a4 Be7 7. O-O O-O 8. d4 Nxe4 9. Qxe4 d5 10. Qe2 dxc4 11. Qxc4 Nd7 12. Be3 Nb6 13. Qe2 Qc7 14.
Nbd2 Nd5 15. Bg5 Bxg5 16. Nxg5 h6 17. Ngf3 Rb8 18. Ne4 cxd4 19. Nxd4 e5 20. Nf3 Bg4 21. Rad1 Nf4 22. Qe3 Rfe8 23. Ng3 e4 24. Nd4 Bxd1 25.
Rxd1 Nd5 26. Qe2 e3 27. Ngf5 Qf4 28. f3 Qg5 29. Qc4 Nf4 30. Ng3 Rbd8 31. Re1 h5 32. h4 Qxh4 33. Ndf5 Qg5 34. Qc7 h4 35. Rxe3 hxg3 0-1

[Event "Early-Titled-Tuesday-Blitz-April-02-2024"]
[Site "Chess.com"]
[Date "2024.04.02"]
[Round "11"]
[White "Janh4"]
[Black "maurovargas01"]
[Result "1-0"]
[WhiteElo "2165"]
[BlackElo "1865"]
[TimeControl "180+1"]
[EndTime "10:07:38 PDT"]
[Termination "Janh4 won by checkmate"]

1. d4 c6 2. Nc3 d5 3. Bf4 Nf6 4. e3 Bg4 5. f3 Bh5 6. g4 Bg6 7. h4 h5 8. g5 Nfd7 9. Bd3 Bxd3 10.
Qxd3 Qb6 11. Nge2 Na6 12. O-O-O O-O-O 13. Kb1 e6 14. Nc1 Nb4 15. Qd2 Na6 16. Nb3 Be7 17.
a3 Rde8 18. Qh2 c5 19. Na4 Qc6 20. Naxc5 Naxc5 21. dxc5 Nxc5 22. Nxc5 Qxc5 23. Rd3 Kd7 24. Rc3 Qb6 25. Rc7+ Kd8 26. Rd1 Bxa3 27. b3 Re7 28. Rxe7 Kxe7 29. Qd2 Rc8 30. Be5 a5 31. Bb2 Bb4 32. Qd3 Bc5 33. e4 Rd8 34. Bxg7 dxe4 35. Qxd8+ Qxd8 36. Bf6+ Ke8 37. Rxd8# 1-0

[Event "Early-Titled-Tuesday-Blitz-April-02-2024"]
[Site "Chess.com"]
[Date "2024.04.02"]
[Round "11"]
[White "MasterKroket"]
[Black "blitzking1729"]
[Result "0-1"]
[WhiteElo "2583"]
[BlackElo "2768"]
[TimeControl "180+1"]
[EndTime "10:07:39 PDT"]
[Termination "blitzking1729 won by resignation"]

1. e4 e5 2. Nf3 Nc6 3. Bb5 a6 4. Ba4 Nf6 5. O-O d6 6. c3 Bd7 7. Re1 g6 8. d4 Bg7 9. Nbd2 O-O 10. Nf1 exd4 11. cxd4 b5 12. Bc2 Bg4 13. Be3 Nh5 14. d5 Ne5 15. Kh1 f5 16. exf5 gxf5 17. N1d2 f4 18.
Bd4 Nxf3 19. Nxf3 Bxd4 20. Qxd4 Qf6 21. Qxf6 Nxf6 22. Nd4 Rfe8 23. Bb3 Kg7 24. Rac1 Rxe1+ 25. Rxe1 Re8 26. Rc1 Re7 27. h3 Bc8 28. Kh2 Kf8 29.
Rc3 Bb7 30. Rf3 Nxd5 31. Bxd5 Bxd5 32. Rxf4+ Rf7 33. Rxf7+ Kxf7 34. a3 c5 35. Nf5 Ke6 36.
Ne3 Be4 37. g4 d5 38. f4 d4 39. f5+ Ke5 40. Nf1 c4 41. Nd2 Bd5 42. Kg3 c3 43. bxc3 dxc3 0-1

[Event "Early-Titled-Tuesday-Blitz-April-02-2024"]
[Site "Chess.com"]
[Date "2024.04.02"]
[Round "11"]
[White "Bykov_Egor"]
[Black "DeArron_Fox"]
[Result "0-1"]
[WhiteElo "2622"]
[BlackElo "2522"]
[TimeControl "180+1"]
[EndTime "10:07:41 PDT"]
[Termination "DeArron_Fox won by checkmate"]

1. Nf3 d5 2. b3 Nf6 3. Bb2 Bg4 4. e3 e6 5. h3 Bh5 6. g4 Bg6 7. d3 c5 8. Ne5 Nbd7 9. Nd2 Nxe5 10. Bxe5 Bd6 11.
Nf3 Bxe5 12. Nxe5 Nd7 13. Nxd7 Qxd7 14. f4 h5 15. g5 e5 16. Qf3 h4 17. fxe5 O-O-O 18. Bg2 Rhe8 19. Qf4 Qe6 20. d4 f6 21. gxf6 gxf6 22. O-O-O fxe5 23. Qxh4 exd4 24. exd4 Kb8 25. Rhe1 Qf5 26. Qg3+ Ka8 27. Qc3 cxd4 28. Qd2 Rxe1 29. Rxe1 Rc8 30. Rf1 Rxc2+ 31. Kd1 Rxd2+ 32. Kxd2 Qc2+ 33.
Ke1 a6 34. Bxd5 d3 35. Bc4 Qe2# 0-1

[Event "Early-Titled-Tuesday-Blitz-April-02-2024"]
[Site "Chess.com"]
[Date "2024.04.02"]
[Round "11"]
[White "Aisen1011"]
[Black "Goffredo_Fofi"]
[Result "0-1"]
[WhiteElo "2504"]
[BlackElo "2586"]
[TimeControl "180+1"]
[EndTime "10:07:43 PDT"]
[Termination "Goffredo_Fofi won on time"]

1. d4 g6 2. c4 Bg7 3. Nc3 Nf6 4. e4 O-O 5. Nf3 d6 6. Be2 Nbd7 7. h3 e5 8. d5 Nc5 9. Qc2 a5 10. Bg5 c6 11. g4 a4 12. O-O-O Qa5 13. dxc6 bxc6 14.
Rxd6 Nfd7 15. Rhd1 Qc7 16. h4 a3 17. b3 Ne6 18. Be3 Nd4 19. Nxd4 exd4 20. Bxd4 Qxd6 21. Bxg7 Qf4+ 22. Kb1 Kxg7 23. h5 Ne5 24. f3 Be6 25. Rh1 Rfd8 26. h6+ Kg8 27. Re1 Rd2 28. Qc1 Rb2+ 29. Ka1 Qxc1+ 30. Rxc1 Rd8 31. f4 Bxg4 32. Bf1 Nd3 33. Rb1 Rxb1+ 34. Nxb1 Nb4 35. Nxa3 Rd1+ 36. Kb2 Rxf1 37. Kc3 Nxa2+ 38. Kd4 Rxf4 39. Nc2 Bf5 40. b4 Rxe4+ 41. Kc5 Rxc4+ 42. Kxc4 Bxc2 43. Kc5 Nxb4 44. Kxb4 g5 45. Kc3 g4 0-1

[Event "Early-Titled-Tuesday-Blitz-April-02-2024"]
[Site "Chess.com"]
[Date "2024.04.02"]
[Round "11"]
[White "TitanChess666"]
[Black "Sofia_Blokhin"]
[Result "0-1"]
[WhiteElo "2499"]
[BlackElo "2300"]
[TimeControl "180+1"]
[EndTime "10:07:43 PDT"]
[Termination "Sofia_Blokhin won by checkmate"]

1. e4 c5 2. Nf3 e6 3. d4 cxd4 4. Nxd4 a6 5. h3 Qc7 6. Bd3 Nf6 7.
O-O Nc6 8. Be3 d5 9. Nxc6 bxc6 10. Nd2 c5 11. c4 d4 12. Bg5 Nd7 13. f4 h6 14. Bh4 e5 15. f5 Nf6 16. g4 Be7 17.
Bg3 Bd6 18. h4 Bd7 19. Qf3 h5 20. g5 Ng4 21. Rab1 Ne3 22. Rfc1 a5 23. Nf1 Ng4 24.
b3 g6 25. f6 O-O 26. Be1 Rfb8 27. Bd2 Rb7 28. Ng3 Rab8 29. Nf5 gxf5 30. exf5 Bc6 31.
Be4 Bxe4 32. Qxe4 Rb6 33. Bxa5 Qc6 34. Qd5 Qxd5 35. cxd5 Ra6 36. b4 cxb4 37. Bc7 Bxc7 38.
Rxc7 Rxa2 39. Rbc1 b3 40. Rc8+ Rxc8 41. Rxc8+ Kh7 42.
Rf8 b2 43. Rxf7+ Kg8 44. Rg7+ Kf8 45. Rb7 Ra1+ 46. Kg2 b1=Q 47. Rxb1 Rxb1 48. Kf3 Rb3+ 49. Ke2 d3+ 50. Kd2 e4 51. d6 e3+ 52. Kc1 d2+ 53. Kc2 Rd3 54. d7 d1=Q+ 55. Kb2 Rb3+ 56.
Ka2 Qb1# 0-1

[Event "Early-Titled-Tuesday-Blitz-April-02-2024"]
[Site "Chess.com"]
[Date "2024.04.02"]
[Round "11"]
[White "PolandHussars"]
[Black "KarolKacprzak"]
[Result "1-0"]
[WhiteElo "2596"]
[BlackElo "2726"]
[TimeControl "180+1"]
[EndTime "10:07:44 PDT"]
[Termination "PolandHussars won on time"]

1. e4 c5 2. Ne2 Nf6 3. Nbc3 d6 4. g3 g6 5. Bg2 Bg7 6. O-O O-O 7. d3 Nc6 8. h3 Rb8 9. a4 a6 10. f4 Bd7 11. g4 b5 12. axb5 axb5 13. Ng3 Nd4 14. g5 Ne8 15. f5 b4 16. Nd5 e6 17. f6 exd5 18. fxg7 Nxg7 19. exd5 Ngf5 20. Ne4 Nh4 21. Bf4 Nxg2 22. Kxg2 Bf5 23. Nxd6 Rb6 24. c3 bxc3 25.
bxc3 Nb5 26. Nxf5 Qxd5+ 27. Qf3 Qxf5 28. Rab1 Qe6 29. Rfe1 Qd7 30. Kh2 Re6 31. Be5 Rfe8 32. Bg3 Nxc3 33. Rxe6 Qxe6 34. Rb2 Nd5 35. Rf2 Ne3 36.
Qf6 Nf5 37. Bf4 h6 38. Qxe6 Rxe6 39. gxh6 Kh7 40. Rc2 Rc6 41. Rc1 f6 42. Bd2 1-0

[Event "Early-Titled-Tuesday-Blitz-April-02-2024"]
[Site "Chess.com"]
[Date "2024.04.02"]
[Round "11"]
[White "Chernov_Alexander_A"]
[Black "Licancabur"]
[Result "0-1"]
[WhiteElo "2238"]
[BlackElo "2471"]
[TimeControl "180+1"]
[EndTime "10:07:44 PDT"]
[Termination "Licancabur won on time"]

1. d4 d5 2. Nf3 Nf6 3. c4 dxc4 4.
e3 Bg4 5. Bxc4 e6 6. Nbd2 Bd6 7.
Qb3 Qc8 8. e4 Bxf3 9. gxf3 Bf4 10. a4 Nc6 11. Bb5 O-O 12. Bxc6 bxc6 13. Nf1 Nh5 14.
Be3 Qa6 15. Nd2 Rab8 16. Qc4 Qa5 17. b3 Qg5 18. Ke2 Bxe3 19. fxe3 Qg2+ 20. Kd3 Rfd8 21. Rag1 Qh3 22. Kc2 a5 23. Qc3 Rb4 24. d5 cxd5 25. Rg4 d4 26. exd4 Rbxd4 27. Nc4 Nf6 28. Rg3 Qh5 29. Rhg1 g6 30. Kb1 Qc5 31. Qb2 e5 32.
Rc1 Rb8 33. Rg2 Qb4 34. Ka2 Rd3 0-1

[Event "Early-Titled-Tuesday-Blitz-April-02-2024"]
[Site "Chess.com"]
[Date "2024.04.02"]
[Round "11"]
[White "Massakru"]
[Black "chess_sharparchitect"]
[Result "1-0"]
[WhiteElo "2388"]
[BlackElo "2276"]
[TimeControl "180+1"]
[EndTime "10:07:44 PDT"]
[Termination "Massakru won by checkmate"]

1. e4 c5 2. Nf3 d6 3. c3 Nf6 4. h3 e6 5. Bd3 Nbd7 6. Bc2 Be7 7. d4 cxd4 8. cxd4 b6 9. Nc3 Bb7 10. O-O e5 11. d5 a5 12. Re1 O-O 13.
Bg5 h6 14. Bh4 Nc5 15. Nb5 Ba6 16. a4 Bxb5 17. axb5 Nxd5 18. Qxd5 Bxh4 19. b4 Ne6 20. bxa5 Rxa5 21. Rxa5 bxa5 22. Nxh4 Nf4 23. Qd2 Qxh4 24. Qxd6 Qg5 25. g3 Nxh3+ 26. Kg2 Nf4+ 27. Kf1 Ne6 28. b6 Rd8 29. Qc6 Nd4 30. Qc7 Nxc2 31. Qxc2 Qe7 32. Rd1 Rb8 33. Qc7 Qe8 34. Rd7 a4 35. b7 a3 36. Rxf7 Qxf7 37. Qxb8+ Kh7 38. Qa8 Qc4+ 39.
Kg1 a2 40. b8=Q Qc1+ 41. Kg2 a1=Q 42. Qg8+ Kg6 43. Qe6+ Kg5 44. Qf5# 1-0

[Event "Early-Titled-Tuesday-Blitz-April-02-2024"]
[Site "Chess.com"]
[Date "2024.04.02"]
[Round "11"]
[White "carloseduar100"]
[Black "Mariia89"]
[Result "0-1"]
[WhiteElo "2190"]
[BlackElo "2285"]
[TimeControl "180+1"]
[EndTime "10:07:44 PDT"]
[Termination "Mariia89 won by checkmate"]

1. g3 c5 2. Bg2 Nc6 3. Nf3 g6 4. O-O Bg7 5. d3 Nf6 6. Nbd2 d5 7. c3 O-O 8. a3 e5 9. Re1 Re8 10. e4 Rb8 11. h4 Bg4 12. Qe2 Qd7 13. Nf1 h6 14.
N1h2 Bh3 15. Bh1 b5 16. Bd2 d4 17. Rad1 Be6 18. Bc1 Na5 19. h5 Bh3 20. hxg6 fxg6 21. Nh4 Kh7 22. f4 Nb3 23. f5 gxf5 24. exf5 Nxc1 25.
Rxc1 Bxf5 26. Nxf5 Qxf5 27. Rf1 Qg5 28. Be4+ Nxe4 29.
Qxe4+ Kh8 30. Kg2 Rg8 31. Rce1 Rbf8 32. Nf3 Qh5 33. Nh4 Bf6 34. Rh1 Rg4 35. Qd5 Qg5 36.
Nf3 Rxg3+ 37. Kf1 Qf4 38. Ke2 Rg2+ 39. Kd1 Bg5 40. Qe4 Qc1# 0-1

[Event "Early-Titled-Tuesday-Blitz-April-02-2024"]
[Site "Chess.com"]
[Date "2024.04.02"]
[Round "11"]
[White "Aradhya2000"]
[Black "Anton_Demchenko"]
[Result "1/2-1/2"]
[WhiteElo "2768"]
[BlackElo "2961"]
[TimeControl "180+1"]
[EndTime "10:07:46 PDT"]
[Termination "Game drawn by repetition"]

1. d4 Nf6 2. c4 d6 3. Nc3 e5 4. Nf3 Nc6 5. dxe5 dxe5 6. Qxd8+ Kxd8 7. g3 Be6 8. Ng5 Bxc4 9. b3 Bb4 10. Bd2 h6 11. bxc4 hxg5 12. O-O-O Kc8 13. Bg2 Na5 14. c5 Nc4 15. c6 bxc6 16. Bxc6 Rb8 17. Kc2 Rb6 18. Bg2 Na3+ 19. Kc1 Rd8 20. Be1 Rxd1+ 21. Kxd1 e4 22. Nxe4 Bxe1 23. Kxe1 Nc4 24. Kd1 Nxe4 25. Bxe4 Nd6 26. Bd5 Rb5 27. Bb3 c5 28. Kd2 c4 29. Rc1 Rc5 30. Bc2 Kc7 31. Ke3 Re5+ 32. Kd2 Kc6 33. e3 Kc5 34. Rb1 Rd5+ 35. Kc1 Nb5 36.
a4 Nc3 37. Rb7 Ne2+ 38. Kb2 Rd2 39. Rc7+ Kb4 40. Rb7+ Kc5 41. Rc7+ Kb4 42. Rb7+ Kc5 1/2-1/2

[Event "Early-Titled-Tuesday-Blitz-April-02-2024"]
[Site "Chess.com"]
[Date "2024.04.02"]
[Round "11"]
[White "RuperezA"]
[Black "AlexeiShirov"]
[Result "0-1"]
[WhiteElo "2566"]
[BlackElo "2827"]
[TimeControl "180+1"]
[EndTime "10:07:47 PDT"]
[Termination "AlexeiShirov won on time"]

1. e4 e5 2. Nf3 Nc6 3. Bc4 Nf6 4. d3 Bc5 5. O-O O-O 6. h3 h6 7. Re1 Re8 8. Nbd2 Na5 9. Nb3 Bb6 10. Nxa5 Bxa5 11.
Bd2 Bxd2 12. Qxd2 d6 13. d4 Qe7 14. Rad1 Nh5 15. dxe5 dxe5 16. Bb5 Rf8 17. Qc3 a6 18.
Bf1 Re8 19. Rd5 f6 20. Red1 Nf4 21. R5d2 Be6 22. Bc4 Rad8 23. Bxe6+ Nxe6 24. Qc4 Rxd2 25. Rxd2 Kh7 26. Nh4 g6 27. Nf3 Kg7 28. c3 b5 29.
Qc6 Rd8 30. Qxa6 Rxd2 31. Nxd2 Qd7 32. Nb3 Nf4 33. Kh2 Ne2 34. Qa7 h5 35. Nc5 Qd1 36. Ne6+ Kf7 37. Qxc7+ Kxe6 38. Qc6+ Kf7 39. Qc7+ Kg8 40.
Qb8+ Kg7 41. Qa7+ Kh6 42. f3 Qe1 43. Qc5 Qg3+ 44. Kh1 Nf4 0-1

[Event "Early-Titled-Tuesday-Blitz-April-02-2024"]
[Site "Chess.com"]
[Date "2024.04.02"]
[Round "11"]
[White "Kotofeyca"]
[Black "xasid81"]
[Result "1/2-1/2"]
[WhiteElo "2507"]
[BlackElo "2621"]
[TimeControl "180+1"]
[EndTime "10:07:49 PDT"]
[Termination "Game drawn - insufficient material"]

1. d4 Nf6 2. c4 e6 3. Nf3 Bb4+ 4. Nbd2 O-O 5. a3 Bxd2+ 6. Bxd2 d5 7. Bg5 h6 8. Bxf6 Qxf6 9. cxd5 exd5 10. Qc2 Bg4 11.
Ne5 Bf5 12. Qxc7 Nc6 13. Nxc6 bxc6 14. e3 Qg6 15. Qg3 Qf6 16. Be2 c5 17. Qe5 Qxe5 18. dxe5 Rab8 19. O-O-O d4 20. exd4 cxd4 21. Rxd4 Rfc8+ 22. Rc4 a5 23. Rd1 a4 24. Rd4 Be6 25. Rxc8+ Rxc8+ 26. Kd2 Rb8 27. Kc3 Rb3+ 28. Kc2 Rb8 29.
Bc4 Bf5+ 30. Kc3 g5 31. Rd6 Kg7 32. e6 fxe6 33. Bxe6 Be4 34. Bd5 Bf5 35. Bc6 Rb3+ 36. Kd4 Rxb2 37. Bxa4 Rxf2 38. Bc6 Bc2 39. a4 Bxa4 40.
Rd7+ Kf6 41. Rd6+ Ke7 42. Rxh6 Bxc6 43. Rxc6 Rxg2 44. Rh6 Kf7 45. Ke5 Kg7 46. Rh5 Kg6 47. Rh8 Rf2 48. Ke4 Rf4+ 49. Ke3 Rf7 50. Ke4 Rf1 51.
Ke3 g4 52. Ke2 Rf7 53. h3 Kg7 54. Rh4 Re7+ 55. Kf2 gxh3 56. Rxh3 Re6 57. Rg3+ Rg6 58. Rf3 Rf6 59. Rxf6 Kxf6 1/2-1/2

[Event "Early-Titled-Tuesday-Blitz-April-02-2024"]
[Site "Chess.com"]
[Date "2024.04.02"]
[Round "11"]
[White "AA95"]
[Black "Zq1"]
[Result "1/2-1/2"]
[WhiteElo "2498"]
[BlackElo "2601"]
[TimeControl "180+1"]
[EndTime "10:07:49 PDT"]
[Termination "Game drawn - insufficient material"]

1. Nf3 Nf6 2. g3 g6 3. Bg2 Bg7 4. O-O O-O 5. d4 d5 6. b3 c5 7. Bb2 cxd4 8. Nxd4 Nc6 9. Nxc6 bxc6 10. c4 a5 11. Nc3 e6 12. Na4 Nd7 13. Bxg7 Kxg7 14. cxd5 cxd5 15. Qd4+ Qf6 16. Qxf6+ Nxf6 17. Rfc1 Ba6 18. Rc2 Rac8 19. Rac1 Rxc2 20. Rxc2 Rc8 21. Rxc8 Bxc8 22. e3 Kf8 23. Bf1 Ke7 24. f3 Kd6 25. Kf2 e5 26. h4 h6 27. a3 g5 28. hxg5 hxg5 29. Nb2 g4 30. f4 Ne4+ 31. Kg2 f6 32. Bd3 Nd2 33. Bc2 d4 34. fxe5+ fxe5 35. exd4 exd4 36. Kf2 Be6 37. b4 axb4 38. axb4 Nc4 39. Nxc4+ Bxc4 40. Bf5 Kc6 41. Bxg4 Kb5 42. Be2 Kxb4 43. g4 Bxe2 44. Kxe2 Kc4 45. g5 Kd5 46. Kd3 Ke5 47. g6 Kf6 48. g7 Kxg7 49. Kxd4 1/2-1/2

[Event "Early-Titled-Tuesday-Blitz-April-02-2024"]
[Site "Chess.com"]
[Date "2024.04.02"]
[Round "11"]
[White "Manukyan_Artak"]
[Black "LeninGuerra"]
[Result "0-1"]
[WhiteElo "2569"]
[BlackElo "2729"]
[TimeControl "180+1"]
[EndTime "10:07:50 PDT"]
[Termination "LeninGuerra won by checkmate"]

1. e4 c5 2. Nf3 e6 3. c3 d5 4. e5 Nc6 5. d4 cxd4 6. cxd4 Nge7 7. Nc3 Nf5 8. Be3 Be7 9. Bd3 O-O 10. O-O a6 11. Rc1 Kh8 12. a3 g5 13. Kh1 Rg8 14.
b4 g4 15. Ng1 h5 16. Bxf5 exf5 17. g3 Be6 18. Nge2 h4 19. Nf4 Kg7 20. Kg2 Rh8 21.
Rh1 Qd7 22. Qd2 Rh7 23. Na4 Rah8 24. Nc5 Qc8 25. Nfxe6+ fxe6 26. Bg5 h3+ 27. Kf1 Kf7 28. Bxe7 Nxe7 29. Nd3 Qd7 30. Ke2 Qb5 31. Rc5 Qa4 32. Rhc1 Nc6 33. Qc3 Rc8 34. Ke3 Ke8 35. Nb2 Qb5 36.
Rxb5 axb5 37. Qc5 Rd7 38. Qxb5 Rdc7 39. Nd3 Kf7 40. Qb6 Re7 41. Nf4 Ra8 42. Rc3 Ra6 43. Qc5 Na7 44. Nxd5 exd5 45. Qxd5+ Rae6 46. Qc4 Nc6 47. Rd3 Kg6 48. Kf4 Nd8 49. Re3 Rc6 50.
Qd3 Ne6# 0-1

[Event "Early-Titled-Tuesday-Blitz-April-02-2024"]
[Site "Chess.com"]
[Date "2024.04.02"]
[Round "11"]
[White "DenLaz"]
[Black "lilleper1"]
[Result "1-0"]
[WhiteElo "3108"]
[BlackElo "2924"]
[TimeControl "180+1"]
[EndTime "10:07:51 PDT"]
[Termination "DenLaz won on time"]

1. d4 Nf6 2. c4 e6 3. Nf3 d5 4. g3 Be7 5. Bg2 O-O 6. O-O a5 7. Qc2 Nc6 8. a3 dxc4 9. Qxc4 a4 10. Nc3 Bd7 11. Bg5 Na5 12. Qd3 h6 13. Bxf6 Bxf6 14.
Ne4 Nb3 15. Rad1 Bc6 16. e3 Ra5 17. Nc3 Qd7 18. Nd2 Bxg2 19. Kxg2 Rd8 20. Nxb3 axb3 21. Qc4 c5 22. d5 Bxc3 23. Qxc3 b6 24. dxe6 Qc6+ 25. Kg1 Rxd1 26. Rxd1 Qxe6 27. Rd8+ Kh7 28. Qd3+ f5 29. Rd6 Qf7 30. Rxb6 c4 31. Qd6 Rd5 32. Qc6 Rd1+ 33. Kg2 Rd2 34. Rb7 Qg6 35. Qxc4 Rc2 36. Qxb3 Qc6+ 37. e4 Qxe4+ 38. Qf3 Qe5 39. a4 1-0

[Event "Early-Titled-Tuesday-Blitz-April-02-2024"]
[Site "Chess.com"]
[Date "2024.04.02"]
[Round "11"]
[White "Durarbayli"]
[Black "KacperKacprzak"]
[Result "1-0"]
[WhiteElo "2919"]
[BlackElo "2717"]
[TimeControl "180+1"]
[EndTime "10:07:51 PDT"]
[Termination "Durarbayli won on time"]

1. d4 d5 2. c4 e6 3. Nc3 Nf6 4. cxd5 exd5 5. Bg5 c6 6. e3 Bd6 7. Bd3 O-O 8. Nge2 Re8 9. Qc2 h6 10. Bh4 a5 11. h3 Na6 12. a3 Nc7 13. g4 Ne6 14. f4 g5 15. Bf2 gxf4 16. O-O-O f3 17. Ng1 Ng5 18. h4 Nge4 19. g5 Ng4 20. Bxe4 Nxf2 21.
Bh7+ Kh8 22. Qxf2 Kxh7 23. Nxf3 h5 24. g6+ Kg7 25. gxf7 Rf8 26. Ng5 Qe7 27. Rhg1 Bg4 28. e4 Rxf7 29. Nxf7 Qxf7 30. Qc2 dxe4 31. Nxe4 Bf4+ 32.
Kb1 Re8 33. Rdf1 Qf5 34. Nf2 Qxc2+ 35. Kxc2 Be3 36. Kd3 Bxf2 37. Rxf2 Re7 38. Rg3 Rd7 39. Kc3 Kg6 40. Re3 b6 41. Re5 1-0

[Event "Early-Titled-Tuesday-Blitz-April-02-2024"]
[Site "Chess.com"]
[Date "2024.04.02"]
[Round "11"]
[White "DefenceWinsChampionships"]
[Black "ljuks68"]
[Result "1-0"]
[WhiteElo "2311"]
[BlackElo "2389"]
[TimeControl "180+1"]
[EndTime "10:07:51 PDT"]
[Termination "DefenceWinsChampionships won by resignation"]

1. e4 e6 2. d4 d5 3. e5 c5 4. c3 Nc6 5. Nf3 Qb6 6. a3 c4 7. Nbd2 Na5 8. Be2 Bd7 9. O-O Be7 10. h4 h6 11. Re1 g5 12. h5 O-O-O 13. Nh2 f5 14. exf6 Nxf6 15. Ng4 Nxh5 16. Ne5 Nf4 17. Nf7 Rdf8 18. Nxh8 Rxh8 19. Nf3 Nb3 20. Rb1 Nxc1 21.
Qxc1 Bd6 22. Qe3 Qc7 23. Bf1 Ng6 24. g3 g4 25. Ne5 Nxe5 26. dxe5 Bc5 27. Qd2 h5 28.
Bg2 h4 29. gxh4 Rxh4 30. Qg5 Rh8 31. Qxg4 Qd8 32. Rbd1 Rg8 33. Qh3 Qe8 34. Rd2 Qg6 35. Kf1 Be8 36. Rxd5 Be7 37. Rd2 Qf7 38. Qf3 Bc6 39.
Qxf7 Bxg2+ 40. Ke2 1-0